 Dungeon Crawl Stone Soup version 0.32-a0-876-gcfddb08e57 (webtiles) character file.

Game seed: 13768482382273142527

7 Autsider the Magician (level 2, -4/24 HPs)
             Began as an Oni Hedge Wizard on Apr 2, 2024.
             Frozen to death by an endoplasm (5 damage)
             ... on level 1 of the Dungeon.
             The game lasted 00:01:17 (210 turns).

Autsider the Magician (Oni Hedge Wizard)             Turns: 210, Time: 00:01:17

Health: -4/24      AC:  1    Str: 13    XL:     2   Next: 0%
Magic:  0/6        EV:  8    Int: 15    God:
Gold:   22         SH:  0    Dex:  8    Spells: 7/8 levels left

rFire   . . .        b - +0 club
rCold   . . .        (no shield)
rNeg    . . .        (body armour restricted)
rPois   .            c - +0 hat
rElec   .            (no cloak)
rCorr   .            (gloves unavailable)
SInv    .            (boots unavailable)
Will    .....        (no amulet)
Stlth   +            (no ring)
HPRegen 0.24/turn    (no ring)
MPRegen 0.10/turn

%: no passive effects
@: no status effects
A: large, unfitting armour, horns 1, tough skin 1, double potion healing,
drunken brawling
a: no special abilities


You were on level 1 of the Dungeon.
You visited 1 branch of the dungeon, and saw 1 of its levels.

You collected 22 gold pieces.

Inventory:

Hand Weapons
 b - a +0 club (weapon)
Armour
 c - a +0 hat (worn)
Scrolls
 e - a scroll of enchant armour {unknown}
Potions
 a - a potion of curing {unknown}
 d - 2 potions of magic


   Skills:
 - Level 1.7 Dodging
 - Level 1.4 Stealth
 + Level 3.8 Spellcasting
 + Level 1.1 Conjurations
 + Level 1.2 Summonings
 - Level 0.8 Translocations


You had 7 spell levels left.
You knew the following spells:

 Your Spells              Type           Power      Damage    Failure   Level
a - Magic Dart            Conj           24%        1d4       12%         1

Your spell library contained the following spells:

 Spells                   Type           Power      Damage    Failure   Level
 Call Imp                 Summ           12%        N/A       17%         2
 Slow                     Hex            8%         N/A       19%         1
 Blink                    Tloc           10%        N/A       21%         2
 Cigotuvi's Dreadful Rot  Necr/Alch/Air  4%         N/A       28%         2
 Ensorcelled Hibernation  Hex/Ice        4%         N/A       28%         2
 Mephitic Cloud           Conj/Alch/Air  4%         N/A       43%         3
 Passwall                 Erth           2%         N/A       50%         3
 Swiftness                Air            2%         N/A       50%         3


Dungeon Overview and Level Annotations

Branches:
Dungeon (1/15)

Altars:


Innate Abilities, Weirdness & Mutations

You are too large for most types of armour.
You have a pair of small horns on your head.
You have tough skin. (AC +1)
You gain doubled healing and magic from potions.
Whenever you drink a healing potion, you attack all around you.


Message History

Confirm with . or Enter, or press ? or * to list all spells.
Aiming: Magic Dart (safe; 12% risk of failure)
Press: ? - help, Shift-Dir - straight line, f - endoplasm
Aim: an endoplasm (100% to hit)
The magic dart hits the endoplasm.
The endoplasm is moderately wounded.
The endoplasm hits you.
Casting: Magic Dart (safe; 12% risk of failure)
Confirm with . or Enter, or press ? or * to list all spells.
Aiming: Magic Dart (safe; 12% risk of failure)
Press: ? - help, Shift-Dir - straight line, f/p - endoplasm
Aim: an endoplasm (100% to hit)
The magic dart hits the endoplasm.
The endoplasm is severely wounded.
The endoplasm freezes you.
You are frozen.
* * * LOW HITPOINT WARNING * * *
Casting: Magic Dart (safe; 12% risk of failure)
Confirm with . or Enter, or press ? or * to list all spells.
Aiming: Magic Dart (safe; 12% risk of failure)
Press: ? - help, Shift-Dir - straight line, f/p - endoplasm
Aim: an endoplasm (severely wounded, 100% to hit)
The magic dart hits the endoplasm.
The endoplasm is almost dead.
The endoplasm freezes you.
You are frozen.
* * * LOW HITPOINT WARNING * * *
You barely miss the endoplasm. You headbutt the endoplasm.
You kill the endoplasm!
You have reached level 2!
You hit the endoplasm.
The endoplasm is heavily wounded.
The endoplasm freezes you.
You are frozen.
* * * LOW HITPOINT WARNING * * *
You hit the endoplasm. Your headbutt misses the endoplasm.
The endoplasm is almost dead.
The endoplasm freezes you.
You are frozen.
You die...

#.##.##.###..#..................
.# #.# #....##.##.##.........###
. ... ...............####.## ...
.#.##..##.##..# ..... #
#...#......####. .#... . ...#
#...........
#............+...#..........
#..........#####...........
#............@J......).....
#..........######..........
#..........# #..........
#..).......######..........
#..........#...............
#..........)...............
#†..........[.......>......
.............................
.......##....................


You could see an endoplasm.

Vanquished Creatures
  2 endoplasms (D:1)
  2 hobgoblins (D:1)
  A ball python (D:1)
  A kobold (D:1)
6 creatures vanquished.

Notes
Turn   | Place    | Note
-------+----------+-------------------------------------------
     0 | D:1      | Autsider the Oni Hedge Wizard began the quest for the Orb.
     0 | D:1      | Reached XP level 1. HP: 16/16 MP: 5/5
   135 | D:1      | Reached skill level 1 in Conjurations
   135 | D:1      | Reached skill level 1 in Summonings
   209 | D:1      | Reached XP level 2. HP: 6/24 MP: 0/6
   209 | D:1      | HP: 1/24 [frozen (5)]
   210 | D:1      | Frozen to death by an endoplasm

Illustrated notes

Levels and vault maps discovered:
D:1:      roderic_crossed_star, layout_basic, serial_park_tiny_2,
          minmay_misc_feat_five, minmay_octomino_c4

Skill      XL: |  1 |
---------------+----+-----
Conjurations   | 1 |  1.1
Summonings     | 1 |  1.2
Dodging        | |  1.7
Stealth        | |  1.4
Spellcasting   | |  3.8
Translocations | |  0.8

Action                     || total
---------------------------++-------
  Melee: Club              ||     5
         Headbutt          ||     1
   Cast: Magic Dart        ||    12
 Armour: Skin              ||     4

Table legend: (Time is in decaauts)
 A = Elapsed time spent in this place.
 B = Non-inter-level travel time spent in this place.
 C = Inter-level travel time spent in this place.
 D = Time resting spent in this place.
 E = Time spent auto-exploring this place.
 F = Levels seen in this place.
 G = Mean time per level.
                   A        B        C        D        E       F      G
               +--------+--------+--------+--------+--------+-----+--------+
         Total |    210 |    210 |      0 |      0 |    133 |   1 |  210.0 |
       Dungeon |    210 |    210 |      0 |      0 |    133 |   1 |  210.0 |
               +--------+--------+--------+--------+--------+-----+--------+

Top non-repeatable levels by time:
     D:1: 210 daAuts
